 Dungeon Crawl Stone Soup version 0.23.0 (webtiles) character file.

Game seed: 14274928030642420567

1538538 GordonOverkill the Conqueror (level 27, 211/224 HPs)
             Began as a Halfling Berserker on Feb 9, 2019.
             Was the Champion of Trog.
             Escaped with the Orb
             ... and 3 runes on Feb 10, 2019!
             The game lasted 04:21:37 (100052 turns).

GordonOverkill the Conqueror (Halfling Berserker) Turns: 100052, Time: 04:21:37

Health: 211/224    AC: 50    Str: 27    XL:     27
Magic:  15/15      EV: 28    Int:  7    God:    Trog [******]
Gold:   4664       SH: 20    Dex: 22    Spells: 26/26 levels left

rFire    + + .     SeeInvis +   a - +9 eveningstar (antimagic)
rCold    + + .     Gourm    .   W - +2 shield
rNeg     + + .     Faith    .   t - +11 gold dragon scales
rPois    +         Spirit   .   s - +1 helmet {SInv}
rElec    +         Reflect  .   y - +2 cloak {MR+}
rCorr    .         Harm     .   w - +0 pair of fencer's gloves {Riposte Dex+3}
MR       ++++.                  T - +1 pair of boots "Gougi" {MP+9 Str+4}
Stlth    ..........             S - amulet of the Curious Beds {rN+ Regen+ MP+9}
HPRegen  0.87/turn              K - ring "Jilomim" {rElec rF+ rC+ Str-3}
MPRegen  0.14/turn              E - ring of Sin {rN+ MR+ Int+2}

@: no status effects
A: small, mutation resistance 1
0: Orb of Zot
}: 3/15 runes: barnacled, slimy, gossamer
a: Berserk, Trog's Hand, Brothers in Arms, Renounce Religion


You escaped.
You worshipped Trog.
Trog was exalted by your worship.
You were full.

You visited 11 branches of the dungeon, and saw 56 of its levels.
You visited the Abyss 1 time.
You visited 2 bazaars.
You also visited: Trove and Ice Cave.

You collected 9914 gold pieces.
You spent 5250 gold pieces at shops.

Inventory:

Hand Weapons
 a - a +9 antimagic eveningstar (weapon)
 b - a +2 eveningstar of freezing
Missiles
 k - 12 throwing nets (quivered)
Armour
 s - a +1 helmet of see invisible (worn)
 t - +11 gold dragon scales (worn)
 w - the +0 pair of fencer's gloves (worn) {Riposte Dex+3}
   (You found it on level 3 of the Crypt)

   It affects your dexterity (+3).
 y - a +2 cloak of magic resistance (worn)
 T - the +1 pair of boots "Gougi" (worn) {MP+9 Str+4}
   (You found it on level 3 of the Shoals)

   It affects your strength (+4).
   It affects your magic capacity (+9).
 W - a +2 shield (worn)
Jewellery
 n - the amulet of Iplupay {RegenMP rF++ Dex+7}
   (You found it in a treasure trove)

   [amulet of magic regeneration]

   It increases your magic regeneration.
   It affects your dexterity (+7).
   It greatly protects you from fire.
 E - the ring of Sin (right hand) {rN+ MR+ Int+2}
   (You found it in a treasure trove)

   [ring of positive energy]

   It affects your intelligence (+2).
   It protects you from negative energy.
   It affects your resistance to hostile enchantments.
 K - the ring "Jilomim" (left hand) {rElec rF+ rC+ Str-3}
   (You found it in a treasure trove)

   [ring of protection from fire]

   It affects your strength (-3).
   It protects you from fire.
   It protects you from cold.
   It insulates you from electricity.
 S - the amulet of the Curious Beds (around neck) {rN+ Regen+ MP+9}
   (You found it on level 3 of the Crypt)

   [amulet of regeneration]

   It protects you from negative energy.
   It affects your magic capacity (+9).
   It increases your rate of regeneration.
 V - the amulet "Cees" {rElec Regen+}
   (You found it on level 3 of the Crypt)

   [amulet of regeneration]

   It insulates you from electricity.
   It increases your rate of regeneration.
Wands
 r - a wand of clouds (6)
 v - a wand of acid (31)
 C - a wand of iceblast (46)
 H - a wand of paralysis (33)
 M - a wand of scattershot (14)
 Y - a wand of digging (16)
 Z - a wand of disintegration (5)
Scrolls
 c - 7 scrolls of immolation
 d - 14 scrolls of identify
 h - 22 scrolls of teleportation
 F - 23 scrolls of remove curse
 G - 2 scrolls of magic mapping
 J - 6 scrolls of fog
 L - a scroll of summoning
 P - 2 scrolls of holy word
 R - a scroll of silence
 U - 3 scrolls of fear
 X - 4 scrolls of blinking
Potions
 g - 10 potions of lignification
 l - 2 potions of haste
 m - 4 potions of berserk rage
 o - a potion of resistance
 p - 3 potions of cancellation
 q - 10 potions of curing
 u - 5 potions of agility
 x - 5 potions of heal wounds
 z - 4 potions of ambrosia
 B - 4 potions of might
 D - 3 potions of mutation
 N - 8 potions of flight
 O - 4 potions of magic
 Q - a potion of invisibility
Miscellaneous
 f - 3 phantom mirrors
 j - a lightning rod (4/4)
 A - a lamp of fire
 I - a phial of floods
Comestibles
 e - 33 rations


   Skills:
 O Level 27 Fighting
 - Level 17.0 Maces & Flails
 O Level 27 Armour
 + Level 24.5 Dodging
 - Level 21.0 Shields
 - Level 7.0 Evocations


You had 26 spell levels left.
You didn't know any spells.
Your spell library was empty.

Dungeon Overview and Level Annotations

Branches:
Dungeon (15/15)            Temple (0/1) D:5            Lair (6/6) D:10
 Shoals (4/4) Lair:4       Spider (4/4) Lair:3        Slime (5/5) Lair:6
    Orc (2/2) D:10            Elf (3/3) Orc:2        Vaults (4/5) D:14
  Crypt (3/3) Vaults:2       Tomb (0/3) Crypt:3      Depths (5/5) D:15
    Zot (5/5) Depths:5

Altars:
Ashenzari
Cheibriados
Gozag
Hepliaklqana
Kikubaaqudgha
Makhleb
Sif Muna
Trog
Wu Jian
Xom
Zin
Beogh
Jiyva

Shops:
D:4 *   D:11 *   D:13 [   Orc:2 =(*[   Elf:1 %   Elf:3 [   Shoals:4 (
Vaults:1 (   Depths:1 ?   Depths:5 (

Portals:
Hell: Lair:6 Depths:1 Depths:2 Depths:3* Depths:4 Depths:5
Abyss: Depths:4 Depths:5
Pandemonium: Depths:3 Depths:4
Ziggurat: Depths:3

Annotations:
Spider:2 exclusion: downstairs
Zot:2 2 transporters, Infinimo's ghost, veteran DsBe


Innate Abilities, Weirdness & Mutations

You are small and have problems with some larger weapons.
You are somewhat resistant to further mutation.


Message History

The Hell Sentinel hits you but does no damage.
You thump the Hell Sentinel!
The Hell Sentinel's magic leaks into the air.
The Hell Sentinel is heavily wounded.
You block the Hell Sentinel's attack. x2
You impale the Hell Sentinel!!
The Hell Sentinel's magic leaks into the air.
The Hell Sentinel is almost dead.
You impale the Hell Sentinel!!
You kill the Hell Sentinel!
Trog accepts your kill.
No target in view!
(D) Dungeon (T) Temple (L) Lair (A) Shoals (N) Spider Nest (M) Slime Pits (O) Orcish Mines (E) Elven Halls (V) Vaults (C) Crypt (W) Tomb (U) Depths (H) Hell (Z) Zot
Where to? (Enter - D:1 @ (x,y), ? - help)
There is an escape hatch in the floor here.
There is a staircase leading out of the dungeon here.
You have escaped!

#####
#########...###########
#..##..##..............
#..##..##..#####.......
###..##..### #.......
#############..##..###
#..รท....
.............##..##..#
#.......
#######......##.@##..#
###.....).
#....##..##..#####.........
#....##..##..##....#.......
#......##..##..............
#
#......##..##...####......)
## ##......##..#....#
######.# .#
#..........##....# #.. .#
#.......)#.##....# ### .#
#..........##....# ######


There were no monsters in sight!

Vanquished Creatures
  the Royal Jelly (Slime:5)
  4 orbs of fire
  5 ancient liches
  Mennas (Depths:3)
  Mara (Vaults:4)
  4 juggernauts
  Boris (twice) (Depths:3 Crypt:1)
  8 Killer Klowns (Zot:5)
  Saint Roka (Vaults:2)
  4 curse toes
  3 caustic shrikes (Depths:3)
  14 golden dragons
  the Enchantress (Depths:2)
  2 bone dragons
  A golden dragon (shapeshifter) (Depths:3)
  A Tzitzimitl (D:10)
  Arachne (Spider:1)
  2 electric golems (Zot:5)
  A Brimstone Fiend (Zot:1)
  17 tentacled monstrosities
  7 liches
  28 Orb Guardians
  3 titans
  An Ice Fiend (Zot:1)
  Rupert (Lair:6)
  A Hell Sentinel (D:1)
  Asterion (Elf:3)
  3 deep elf blademasters
  4 quicksilver dragons
  13 acid blobs
  A kraken (Shoals:2)
  An eldritch tentacle (Elf:1)
  2 deep elf master archers (Elf:3)
  5 sphinxes
  12 death cobs
  An ancient champion (Crypt:2)
  Frances (Elf:1)
  Polyphemus (Shoals:4)
  Kirke (Spider:1)
  Gastronok (Lair:3)
  6 shadow dragons
  A revenant (Crypt:3)
  6 azure jellies
  13 draconian monks
  4 tengu reavers
  15 storm dragons
  10 draconian knights
  A fire giant (shapeshifter) (Depths:3)
  3 iron dragons
  8 fire giants
  13 frost giants
  4 vault wardens
  The ghost of Pepn the Bludgeoner, a journeyman HuBe of Trog (Shoals:1)
  7 deep elf sorcerers
  A balrug (D:12)
  6 emperor scorpions
  7 draconian shifters
  Louise (Shoals:1)
  8 ghost moths
  An orc warlord (Orc:2)
  11 draconian stormcallers
  12 ironheart preservers
  A curse skull (Crypt:3)
  7 draconian scorchers
  12 draconian annihilators
  2 deep elf elementalists (Elf:3)
  9 war gargoyles
  10 very ugly things
  2 spriggan defenders (Depths:2)
  11 vampire knights
  Azrael (D:15)
  16 green draconians
  23 stone giants
  18 black draconians
  6 deep elf demonologists
  6 entropy weavers
  A lorocyproca (Depths:3)
  21 white draconians
  14 purple draconians
  14 spark wasps
  8 red draconians
  13 yellow draconians
  14 deep elf annihilators
  Snorg (Lair:3)
  5 merfolk javelineers
  5 deep elf death magi
  3 eidola
  The ghost of wont the Thaumaturge, a journeyman DrFE of Sif Muna (Lair:5)
  4 merfolk impalers
  A green death (D:13)
  9 fire dragons
  12 ettins
  A death ooze (Lair:5)
  16 yaktaur captains
  4 jiangshi
  7 great orbs of eyes
  4 deep elf high priests
  Erolcha (D:11)
  4 vault guards
  8 rakshasas
  10 ice dragons
  A juggernaut simulacrum (Depths:3)
  Fannar (Orc:1)
  10 hydras
  4 merfolk avatars
  4 spriggan air magi
  2 death knights (Vaults:2)
  2 alligator snapping turtles
  61 two-headed ogres
  2 catoblepae
  A catoblepas (shapeshifter) (Elf:3)
  3 satyrs
  25 ogre magi
  Erica (Orc:2)
  9 centaur warriors
  A hell beast (Lair:6)
  3 death yaks
  2 hell hogs (Depths:4)
  5 merfolk aquamancers
  11 tengu warriors
  14 deep troll shamans
  11 spriggan berserkers
  30 dancing weapons
  7 vampire magi
  17 deep troll earth magi
  Urug (Lair:1)
  2 orc high priests
  A storm dragon zombie (Vaults:2)
  11 hell knights
  The ghost of KamiKatze the Cleaver, a novice GrBe of Trog (Lair:1)
  A sun demon (D:12)
  A titan skeleton (Crypt:3)
  20 deep elf knights
  4 skeletal warriors
  9 iron trolls
  A fire crab (shapeshifter) (Depths:1)
  7 shadow wraiths
  An unseen horror (shapeshifter) (Vaults:2)
  2 unseen horrors
  A small abomination (Elf:3)
  Nergalle (Orc:2)
  21 sea snakes
  A death drake (Elf:1)
  3 torturous demonspawn (D:10)
  3 obsidian statues
  A spark wasp zombie (Crypt:1)
  29 deep trolls
  A kraken simulacrum (Shoals:1)
  10 glowing orange brains
  5 wizards
  20 flayed ghosts
  10 ironbrand convokers
  A golden dragon skeleton (Crypt:3)
  16 phantasmal warriors
  An orange crystal statue (Depths:1)
  21 deep elf archers
  10 harpies
  2 shining eyes
  2 mana vipers (Elf:1)
  13 orb spiders
  10 necromancers
  A wolf spider zombie (D:12)
  2 shadow dragon skeletons (Crypt:3)
  A stone giant zombie (Vaults:4)
  9 cyclopes
  A frost giant zombie (Depths:1)
  28 wolf spiders
  14 manticores
  75 deep elf magi
  20 fauns
  12 orc knights
  5 orc sorcerers
  51 ugly things
  55 slime creatures
  A moth of wrath (shapeshifter) (Depths:2)
  A wolf spider (shapeshifter) (Depths:3)
  An elephant (Lair:1)
  A salamander (shapeshifter) (Depths:1)
  3 naga magi
  2 frost giant skeletons
  14 vault sentinels
  An iron dragon skeleton (Crypt:2)
  31 moths of wrath
  8 fire giant skeletons (Crypt:3)
  A guardian serpent (shapeshifter) (Vaults:2)
  9 merfolk sirens
  A water nymph (shapeshifter) (Depths:3)
  3 torpor snails
  5 black mambas
  4 ice statues
  2 spiny frogs (shapeshifter)
  4 orange demons
  6 gargoyles
  Psyche (D:9)
  An alligator snapping turtle zombie (Crypt:2)
  5 spectral swamp worms (Depths:5)
  A grey draconian zombie (Crypt:2)
  17 spiny frogs
  15 komodo dragons
  2 water nymphs
  2 human zombies
  6 freezing wraiths
  A torpor snail (shapeshifter) (Vaults:2)
  53 yaktaurs
  A komodo dragon (shapeshifter) (Vaults:3)
  2 hellions
  A hellwing (Lair:6)
  A purple draconian skeleton (Crypt:1)
  9 rime drakes
  2 anaconda simulacra (Elf:1)
  2 efreet
  An ice devil (Lair:6)
  A yaktaur (shapeshifter) (Depths:2)
  28 merfolk
  2 tengu conjurers
  A white draconian skeleton (Crypt:2)
  16 demonic crawlers
  22 jumping spiders
  6 red devils
  A death yak skeleton (Crypt:1)
  3 meliai
  2 queen bees
  A sphinx simulacrum (Vaults:4)
  7 trolls
  15 hornets
  A queen bee (shapeshifter) (Depths:1)
  2 polar bears
  8 wind drakes
  24 blink frogs
  A deep troll zombie (Depths:1)
  A blink frog (shapeshifter) (Vaults:1)
  An ettin zombie (Vaults:4)
  16 dream sheep
  3 raiju (Abyss:2)
  6 snapping turtles
  A hydra skeleton (Crypt:3)
  A raiju (shapeshifter) (Depths:3)
  A human simulacrum (Vaults:1)
  17 hippogriffs
  A fire giant simulacrum (Vaults:1)
  A spectral black mamba (Lair:4)
  A centaur simulacrum (D:15)
  A flying skull (Vaults:2)
  9 shadows
  3 air elementals
  A redback (shapeshifter) (Depths:3)
  An ettin skeleton (Crypt:1)
  A spriggan (Depths:2)
  104 redbacks
  45 yaks
  8 fire dragon skeletons (Crypt:3)
  23 tarantellas
  9 wraiths
  7 vampires (Crypt:3)
  6 wyverns
  A human (shapeshifter) (Vaults:2)
  13 water elementals
  A wind drake zombie (Crypt:2)
  A golden eye (shapeshifter) (Depths:3)
  8 basilisks
  A tyrant leech zombie (Crypt:2)
  9 golden eyes
  A steam dragon (shapeshifter) (Vaults:2)
  10 fire elementals
  2 steam dragons
  3 hogs
  2 hungry ghosts
  20 humans (D:14)
  2 spatial vortices (Elf:1)
  A soldier ant (shapeshifter) (Depths:2)
  5 wargs
  2 insubstantial wisps (Elf:1)
  2 acid dragons
  A hydra simulacrum (Depths:3)
  2 soldier ants
  14 water moccasins
  10 porcupines
  4 eyes of draining
  4 black bears
  8 hell hounds
  A hornet zombie (D:15)
  11 ice beasts
  A sky beast (shapeshifter) (Elf:2)
  54 orc warriors
  A fire dragon simulacrum (Elf:1)
  3 sky beasts
  A phantom (D:5)
  A black mamba simulacrum (Lair:4)
  2 necrophages
  60 ogres
  14 boggarts
  16 centaurs
  A swamp dragon zombie (Crypt:1)
  A tengu (shapeshifter) (Vaults:2)
  3 wolves (Lair:5)
  An elephant skeleton (Crypt:1)
  15 crocodiles
  A big kobold (shapeshifter) (Vaults:2)
  A yaktaur zombie (Depths:1)
  3 human skeletons
  15 bullfrogs
  A gnoll sergeant (D:10)
  A glowing shapeshifter simulacrum (Vaults:3)
  An earth elemental (Elf:3)
  2 wyvern skeletons
  3 scorpions
  A water moccasin skeleton (Crypt:2)
  3 wights (D:11)
  48 killer bees
  13 howler monkeys
  A vampire bat (Elf:1)
  A yak skeleton (Crypt:2)
  An electric eel (Lair:2)
  10 crimson imps
  A quasit (D:6)
  A wolf skeleton (Crypt:1)
  2 bullfrog zombies
  A komodo dragon simulacrum (Lair:4)
  30 orc priests
  3 hounds
  36 orc wizards
  4 bullfrog skeletons
  3 centaur skeletons
  3 centaur zombies
  A gnoll shaman (D:6)
  4 iguanas
  8 jellies
  A demonspawn zombie (Crypt:1)
  A black bear skeleton (Crypt:2)
  2 troll simulacra (Elf:1)
  13 worker ants
  A hound zombie (D:10)
  A hound skeleton (D:5)
  11 gnolls
  13 adders
  3 naga simulacra (Elf:1)
  4 shadow imps
  An ufetubus (Abyss:2)
  An adder skeleton (D:8)
  An adder zombie (D:5)
  2 worms
  5 leopard geckos
  109 orcs
  3 bats
  7 giant cockroaches
  6 hobgoblins
  4 jackals (D:7)
  6 quokkas
  5 frilled lizards
  5 goblins
  4 kobolds
  A leopard gecko skeleton (D:6)
  2 leopard gecko zombies
  A quokka skeleton (D:5)
  A quokka zombie (D:8)
  5 rats
  2 plants
  6 tentacles
2724 creatures vanquished.

Vanquished Creatures (collateral kills)
  The ghost of guttsta the Executioner, an adept MiBe of Trog (Vaults:2)
  3 acid blobs (Slime:5)
  A tengu reaver (Vaults:1)
  An azure jelly (Slime:5)
  A fire giant (Vaults:1)
  A draconian annihilator (Zot:4)
  A spriggan defender (Depths:2)
  An ironheart preserver (Vaults:2)
  A purple draconian (Zot:4)
  A red draconian (Zot:4)
  2 merfolk javelineers (Shoals:4)
  2 death oozes (Slime:5)
  The ghost of LostNumber the Slicer, a journeyman VSBe of Trog (Lair:4)
  A great orb of eyes (Slime:5)
  A satyr (Shoals:4)
  A spriggan berserker (Depths:2)
  3 deep troll earth magi (Depths:2)
  A deep troll (Depths:2)
  A kraken simulacrum (Shoals:1)
  2 ugly things (IceCv)
  A wolf spider (Spider:3)
  An elephant (Lair:5)
  A black mamba (Lair:5)
  A rime drake (Lair:3)
  A yaktaur (Depths:2)
  A wind drake (Shoals:1)
  A jumping spider (Spider:3)
  2 merfolk (Shoals:4)
  A snapping turtle (Shoals:4)
  A blink frog (Lair:3)
  A spectral dream sheep (Lair:4)
  A spriggan (Depths:2)
  3 yaks (Lair:3)
  2 basilisks (Lair:5)
  A porcupine (Lair:3)
  6 ice beasts (IceCv)
  A spectral torpor snail (Lair:4)
  A crocodile (Lair:5)
  A bullfrog (Lair:3)
  2 killer bees
  A tentacle (Shoals:1)
58 creatures vanquished.

Vanquished Creatures (others)
  An eldritch tentacle (Zot:5)
  A draconian knight (Zot:5)
  A draconian stormcaller (Zot:5)
  2 yellow draconians (Zot:1)
  A satyr (Shoals:3)
  An orb spider (Spider:3)
  A human (Spider:2)
  An acid dragon (shapeshifter) (Depths:4)
  An ogre (Depths:4)
  A centaur (Shoals:3)
  An orc priest (Orc:2)
  An orc wizard (Orc:1)
  An orc (Vaults:2)
  11 fungi
  41 plants
  37 tentacles
  6 withered plants (Crypt:3)
109 creatures vanquished.

Grand Total: 2891 creatures vanquished

Notes
Turn   | Place    | Note
-------+----------+-------------------------------------------
     0 | D:1      | GordonOverkill the Halfling Berserker began the quest for
                  | the Orb.
     0 | D:1      | Reached XP level 1. HP: 15/15 MP: 1/1
    83 | D:1      | Reached XP level 2. HP: 20/20 MP: 2/2
   588 | D:2      | Reached XP level 3. HP: 26/26 MP: 3/3
   780 | D:2      | Reached XP level 4. HP: 27/31 MP: 4/4
  1053 | D:2      | Noticed an ogre
  1060 | D:2      | Killed an ogre
  1060 | D:2      | Reached XP level 5. HP: 36/36 MP: 5/5
  1435 | D:3      | Reached ** piety under Trog
  1514 | D:3      | Reached XP level 6. HP: 42/42 MP: 6/6
  1738 | D:3      | Found a burning altar of Makhleb.
  2220 | D:4      | Found a hazy altar of Hepliaklqana.
  2248 | D:4      | Noticed an ogre
  2257 | D:4      | Killed an ogre
  2257 | D:4      | Reached skill level 1 in Shields
  2537 | D:4      | Found Yxocsotu's Lightly-Used Armoury.
  2558 | D:4      | Reached XP level 7. HP: 26/47 MP: 7/7
  3153 | D:4      | Found a deep blue altar of Sif Muna.
  3441 | D:5      | Entered Level 5 of the Dungeon
  3464 | D:5      | Found a staircase to the Ecumenical Temple.
  3638 | D:5      | Reached skill level 5 in Maces & Flails
  3694 | D:5      | Reached XP level 8. HP: 49/54 MP: 8/8
  3743 | D:5      | HP: 3/81 [orc/+0 club (2)]
  3746 | D:5      | HP: 1/81 [orc/+0 dagger (3)]
  4511 | D:5      | Reached *** piety under Trog
  4839 | D:6      | Reached skill level 5 in Fighting
  4942 | D:6      | Reached XP level 9. HP: 57/61 MP: 9/9
  5273 | D:6      | Found a shimmering altar of Xom.
  5761 | D:7      | Reached skill level 5 in Shields
  5939 | D:7      | Found an ancient bone altar of Kikubaaqudgha.
  5971 | D:7      | Found a shattered altar of Ashenzari.
  6200 | D:7      | Reached **** piety under Trog
  6913 | D:8      | Reached XP level 10. HP: 68/68 MP: 10/10
  7210 | D:8      | Found an ornate altar of the Wu Jian Council.
  8190 | D:9      | Noticed Psyche
  8200 | D:9      | Killed Psyche
  8699 | D:9      | Reached skill level 10 in Maces & Flails
  9307 | D:9      | Found a glowing silver altar of Zin.
  9307 | D:9      | Found an opulent altar of Gozag.
  9624 | D:9      | Found a snail-covered altar of Cheibriados.
  9655 | D:9      | Reached XP level 11. HP: 45/75 MP: 11/11
 10434 | D:10     | Entered Level 10 of the Dungeon
 10702 | D:10     | Noticed a two-headed ogre
 10710 | D:10     | Killed a two-headed ogre
 11425 | D:10     | Found a staircase to the Lair.
 11596 | D:10     | Reached ***** piety under Trog
 12152 | D:10     | Found a staircase to the Orcish Mines.
 12164 | Orc:1    | Entered Level 1 of the Orcish Mines
 12164 | Orc:1    | Noticed an orc knight
 12167 | D:10     | Received a gift from Trog
 12253 | Orc:1    | Noticed Fannar
 12265 | D:10     | Killed an orc knight
 12266 | D:10     | Reached XP level 12. HP: 74/82 MP: 4/12
 12505 | D:11     | Noticed Erolcha
 12514 | D:11     | Killed Erolcha
 12627 | D:11     | Reached skill level 10 in Shields
 12678 | D:11     | Noticed a five-headed hydra
 12699 | D:11     | Noticed a centaur warrior
 12699 | D:11     | Noticed a seven-headed hydra
 12776 | D:11     | Found Dobai's Assorted Antiques.
 12818 | D:11     | Noticed a five-headed hydra
 12831 | D:11     | Killed a five-headed hydra
 13412 | D:4      | Bought -2 gold dragon scales for 770 gold pieces
 13636 | Lair:1   | Entered Level 1 of the Lair of Beasts
 13965 | Lair:1   | Noticed KamiKatze's ghost (novice GrBe)
 13995 | Lair:1   | Noticed Urug
 14008 | Lair:1   | Killed Urug
 14138 | Lair:1   | Reached skill level 1 in Evocations
 14277 | Lair:1   | Found a transporter.
 14729 | Lair:1   | Found a transporter.
 14974 | Lair:2   | Reached XP level 13. HP: 88/88 MP: 4/14
 15564 | Lair:3   | Found a hole to the Spider Nest.
 15570 | Lair:3   | Reached skill level 5 in Dodging
 15620 | Lair:3   | Noticed Snorg
 15634 | Lair:3   | Killed Snorg
 15634 | Lair:3   | Reached skill level 5 in Armour
 15789 | Lair:3   | Noticed a four-headed hydra
 15816 | Lair:3   | Killed a four-headed hydra
 16106 | Lair:3   | Found a frozen archway.
 16140 | IceCv    | Entered an ice cave
 16151 | IceCv    | Found a transporter.
 16181 | IceCv    | Found a transporter.
 16340 | IceCv    | Identified the Guide on Heat and Calling
 16578 | Lair:3   | Noticed Gastronok
 16590 | Lair:3   | Killed Gastronok
 17465 | Lair:4   | Received a gift from Trog
 17504 | Lair:4   | Reached skill level 15 in Maces & Flails
 17523 | Lair:4   | Reached XP level 14. HP: 63/97 MP: 5/15
 17701 | Lair:4   | Found a staircase to the Shoals.
 18143 | Lair:4   | Found a runed translucent gate.
 18144 | Lair:4   | Found a runed translucent gate.
 18146 | Lair:4   | Found a runed translucent gate.
 18147 | Lair:4   | Noticed LostNumber's ghost (journeyman VSBe)
 18478 | Lair:4   | Killed LostNumber's ghost
 18646 | Lair:5   | Reached skill level 10 in Fighting
 19284 | Lair:5   | Found a runed translucent gate.
 19284 | Lair:5   | Found a runed translucent gate.
 19284 | Lair:5   | Found a runed translucent gate.
 20914 | Lair:5   | Noticed wont's ghost (journeyman DrFE)
 20916 | Lair:5   | Found a viscous altar of Jiyva.
 22189 | Lair:6   | Entered Level 6 of the Lair of Beasts
 22340 | Lair:5   | Reached XP level 15. HP: 106/106 MP: 5/16
 22419 | Lair:5   | Reached skill level 10 in Armour
 22946 | Lair:5   | Received a gift from Trog
 24321 | Lair:6   | Noticed Rupert
 24345 | Lair:6   | Killed Rupert
 24859 | Lair:6   | Found a staircase to the Slime Pits.
 24952 | Lair:6   | Found a burning altar of Makhleb.
 25192 | Lair:6   | Found a gateway to Hell.
 25364 | D:11     | Got a translucent lapis lazuli ring
 25368 | D:11     | Identified a ring of Izaup {Int+4 Dex+2} (You found it on
                  | level 11 of the Dungeon)
 25969 | D:12     | You fall through a shaft for 3 floors!
 25969 | D:15     | Entered Level 15 of the Dungeon
 27138 | D:12     | Found a portal to a secret trove of treasure.
 28205 | D:12     | Received a gift from Trog
 28441 | D:13     | Reached XP level 16. HP: 117/117 MP: 5/17
 28523 | D:13     | Found Cuesuymp's Armour Shop.
 29443 | D:14     | Cast into level 2 of the Abyss (a wizard)
 29590 | D:14     | Escaped the Abyss
 29934 | D:14     | Found a gate to the Vaults.
 30709 | D:15     | Noticed Azrael
 30727 | D:15     | Killed Azrael
 31417 | D:15     | Found a staircase to the Depths.
 31581 | Orc:1    | Killed Fannar
 31592 | Orc:1    | Reached ****** piety under Trog
 31592 | Orc:1    | Received a gift from Trog
 31828 | Orc:2    | Entered Level 2 of the Orcish Mines
 31876 | Orc:1    | Noticed Erica
 31887 | Orc:2    | Killed Erica
 32438 | Orc:1    | You fall through a shaft!
 32556 | Orc:2    | Found a staircase to the Elven Halls.
 32956 | Orc:2    | Received a gift from Trog
 33128 | Orc:2    | Noticed Nergalle
 33155 | Orc:2    | Killed Nergalle
 33232 | Orc:2    | Found a roughly hewn altar of Beogh.
 33265 | Orc:2    | Reached XP level 17. HP: 126/126 MP: 6/18
 33449 | Orc:2    | Found Plog's General Store.
 33462 | Orc:2    | Found Lyse's Antique Armour Shop.
 33615 | Orc:2    | Found Geuv Bad's Jewellery Shop.
 33637 | Orc:2    | Bought a scroll of identify for 32 gold pieces
 33637 | Orc:2    | Bought a potion of cancellation for 128 gold pieces
 33637 | Orc:2    | Bought a scroll of fear for 56 gold pieces
 33637 | Orc:2    | Bought a scroll of fear for 56 gold pieces
 33645 | Orc:2    | Found Losuf's Antique Weapon Shop.
 33669 | Orc:2    | Bought a +5 ring of protection for 825 gold pieces
 33691 | Orc:2    | Bought a pair of embroidered boots for 202 gold pieces
 34087 | Spider:1 | Entered Level 1 of the Spider Nest
 35583 | Shoals:1 | Entered Level 1 of the Shoals
 35583 | Shoals:1 | Noticed Louise
 35605 | Shoals:1 | Killed Louise
 35605 | Shoals:1 | Reached skill level 15 in Fighting
 35922 | Shoals:1 | Found a runed translucent gate.
 35922 | Shoals:1 | Found a runed translucent gate.
 35948 | Shoals:1 | Noticed Pepn's ghost (journeyman HuBe)
 36669 | Shoals:1 | Found a runed translucent gate.
 36854 | Shoals:1 | Killed Pepn's ghost
 36872 | Shoals:1 | Got a scintillating wooden ring
 36875 | Shoals:1 | Identified the ring "Atuinun" {Ice +Inv Str+5 Dex-3} (You
                  | found it on level 1 of the Shoals)
 37183 | Shoals:2 | Reached skill level 15 in Shields
 37204 | Shoals:2 | Noticed a kraken
 38504 | Shoals:2 | Killed a kraken
 39349 | Lair:3   | Reached XP level 18. HP: 71/134 MP: 7/21
 40304 | Spider:2 | Noticed Kirke
 40320 | Spider:1 | Killed Kirke
 40320 | Spider:1 | Reached skill level 5 in Evocations
 40383 | Spider:2 | Noticed Arachne
 40575 | Spider:1 | Killed Arachne
 42631 | Spider:3 | Received a gift from Trog
 42646 | Spider:3 | Reached skill level 10 in Dodging
 43502 | Spider:4 | Entered Level 4 of the Spider Nest
 44095 | Spider:3 | Reached XP level 19. HP: 143/143 MP: 7/22
 45761 | Spider:4 | Got a gossamer rune of Zot
 45986 | Vaults:1 | Entered Level 1 of the Vaults
 46513 | Vaults:1 | Received a gift from Trog
 47144 | Vaults:1 | Identified the +6 ring mail of Pan-Flutes {rN+ Int+3
                  | Stlth+}
 47480 | Vaults:1 | Found Elannel's Weapon Boutique.
 47884 | Vaults:1 | Received a gift from Trog
 47888 | Vaults:1 | Reached XP level 20. HP: 130/154 MP: 7/23
 48174 | Vaults:2 | Found a staircase to the Crypt.
 48530 | Vaults:2 | Found a flickering gateway to a bazaar.
 48916 | Bazaar   | Entered a bazaar
 48920 | Bazaar   | Found Fenif's Gadget Boutique.
 48938 | Bazaar   | Found Foavy's Assorted Antiques.
 48955 | Bazaar   | Found Rawateod's Book Boutique.
 48972 | Bazaar   | Found Opuysiaf's Antique Armour Shoppe.
 49009 | Bazaar   | Bought a manual of Dodging for 993 gold pieces
 49009 | Bazaar   | Bought a manual of Fighting for 993 gold pieces
 49036 | Bazaar   | Bought a potion of might for 72 gold pieces
 49036 | Bazaar   | Bought a potion of agility for 72 gold pieces
 49036 | Bazaar   | Bought a scroll of teleportation for 54 gold pieces
 49172 | Vaults:2 | Received a gift from Trog
 49729 | Vaults:2 | Found a runed translucent gate.
 49729 | Vaults:2 | Found a runed translucent gate.
 49730 | Vaults:2 | Found a runed translucent gate.
 49731 | Vaults:2 | Found an opulent altar of Gozag.
 49732 | Vaults:2 | Noticed guttsta's ghost (adept MiBe)
 50301 | Vaults:2 | Killed guttsta's ghost
 51406 | Lair:1   | Killed KamiKatze's ghost
 51417 | Lair:1   | Identified a scroll of acquirement
 51581 | Lair:5   | Killed wont's ghost
 51870 | Vaults:3 | Reached XP level 21. HP: 117/165 MP: 8/24
 52034 | Vaults:2 | Received a gift from Trog
 52846 | Vaults:3 | Reached skill level 15 in Dodging
 53823 | Vaults:4 | Received a gift from Trog
 54095 | Vaults:4 | Noticed Mara
 54106 | Vaults:4 | Killed Mara
 54235 | Vaults:4 | Reached XP level 22. HP: 158/176 MP: 8/25
 54529 | Vaults:4 | Found a flickering gateway to a bazaar.
 54566 | Vaults:4 | Received a gift from Trog
 54603 | Bazaar   | Entered a bazaar
 54603 | Bazaar   | Found Xegini's Magic Scroll Boutique.
 54610 | Bazaar   | Found Ixkihote's General Store.
 54618 | Bazaar   | Found Icatipt's Antique Weapon Shoppe.
 54641 | Bazaar   | Found Ytium's Gadget Emporium.
 54649 | Bazaar   | Found Ofeor's Antique Armour Emporium.
 54668 | Bazaar   | Bought a scroll of enchant armour for 120 gold pieces
 54668 | Bazaar   | Bought a scroll of blinking for 120 gold pieces
 54679 | Bazaar   | Bought a pair of embroidered gloves for 150 gold pieces
 54679 | Bazaar   | Bought a pair of embroidered boots for 150 gold pieces
 56025 | Depths:1 | Entered Level 1 of the Depths
 56238 | D:15     | Received a gift from Trog
 56427 | Depths:1 | Received a gift from Trog
 56817 | Depths:1 | Found Tonuzamn's Magic Scroll Shop.
 56821 | Depths:1 | Bought a scroll of identify for 30 gold pieces
 56821 | Depths:1 | Bought a scroll of identify for 30 gold pieces
 56821 | Depths:1 | Bought a scroll of teleportation for 45 gold pieces
 56821 | Depths:1 | Bought a scroll of fog for 30 gold pieces
 56962 | D:12     | You paid a toll of 20 scrolls of identify to enter a
                  | treasure trove
 56963 | Trove    | Entered a treasure trove
 56968 | Trove    | Got a shimmering pewter ring
 56970 | Trove    | Got a vibrating garnet amulet
 56972 | Trove    | Got a coiled jade ring
 56975 | Trove    | Got a coiled brass ring
 56977 | Trove    | Got a bound marble ring
 56979 | Trove    | Got a smoking platinum ring
 56983 | Trove    | Got a vibrating silver ring
 56985 | Trove    | Got a coiled granite ring
 57016 | D:12     | Identified the ring of the Special Planets {rF+ rC+ Stlth+}
                  | (You found it in a treasure trove)
 57018 | D:12     | Identified the amulet of Iplupay {RegenMP rF++ Dex+7} (You
                  | found it in a treasure trove)
 57019 | D:12     | Identified the cursed ring of Noufiju {rC+ AC-3 Str+3
                  | Int+5} (You found it in a treasure trove)
 57021 | D:12     | Identified the ring of Fragile Peace {rPois Str+3 Int-4
                  | SInv Stlth+} (You found it in a treasure trove)
 57023 | D:12     | Identified the ring "Ilyddavo" {rF+ rN+ Int+2} (You found
                  | it in a treasure trove)
 57025 | D:12     | Identified the ring of Sin {rN+ MR+ Int+2} (You found it in
                  | a treasure trove)
 57027 | D:12     | Identified the ring "Durchonke" {Fire *Contam +Blink +Fly
                  | rPois} (You found it in a treasure trove)
 57029 | D:12     | Identified the ring "Jilomim" {rElec rF+ rC+ Str-3} (You
                  | found it in a treasure trove)
 57878 | Depths:1 | Found a shimmering altar of Xom.
 57975 | Depths:1 | Noticed a golden dragon
 57990 | Depths:1 | Killed a golden dragon
 58876 | Depths:2 | Reached XP level 23. HP: 182/182 MP: 8/26
 59470 | Depths:2 | Received a gift from Trog
 59917 | Depths:2 | Got a flickering ivory ring
 59920 | Depths:2 | Got a pitted ivory ring
 59925 | Depths:2 | Identified the ring "Siusorph" {rF+ Str+4} (You found it on
                  | level 2 of the Depths)
 59927 | Depths:2 | Identified a ring "Pumuqasa" {rPois rC+ Int+2} (You found
                  | it on level 2 of the Depths)
 59933 | Depths:2 | Got a fine ruby amulet
 59935 | Depths:2 | Identified the amulet of the Country {Inacc Int+7 Dex+3}
                  | (You found it on level 2 of the Depths)
 59969 | Depths:2 | Got a scintillating lapis lazuli ring
 59971 | Depths:2 | Identified the ring "Ysosmioc" {Wiz Str+3} (You found it on
                  | level 2 of the Depths)
 60491 | Depths:2 | Identified the +0 faerie dragon scales {Regen+ rCorr}
 60491 | Depths:2 | Noticed the Enchantress
 60518 | Depths:2 | Killed the Enchantress
 60741 | Depths:2 | Reached skill level 15 in Armour
 61352 | Depths:3 | Noticed a golden dragon
 61407 | Depths:3 | Killed a golden dragon
 61692 | Depths:3 | Noticed a golden dragon
 61705 | Depths:3 | Killed a golden dragon
 62165 | Depths:3 | Found a one-way gate leading to the halls of Pandemonium.
 62315 | Depths:3 | Reached XP level 24. HP: 175/189 MP: 8/26
 62452 | Depths:3 | Noticed Boris
 62473 | Depths:3 | Killed Boris
 62803 | Depths:3 | Found a gateway to a ziggurat.
 62819 | Depths:3 | Noticed Mennas
 62845 | Depths:3 | Killed Mennas
 63023 | Depths:3 | Noticed an ancient lich
 63037 | Depths:3 | Killed an ancient lich
 63233 | Depths:4 | Received a gift from Trog
 64273 | Depths:4 | Found a one-way gate to the infinite horrors of the Abyss.
 65108 | Depths:4 | Noticed a caustic shrike
 65112 | Depths:4 | Noticed a caustic shrike
 65115 | Depths:4 | Noticed a caustic shrike
 65129 | Depths:3 | Killed a caustic shrike
 65129 | Depths:3 | Reached XP level 25. HP: 136/197 MP: 8/26
 65349 | Depths:3 | Killed a caustic shrike
 65361 | Depths:3 | Killed a caustic shrike
 65859 | Depths:4 | Identified the ring "Jeteib" {MP+9 Dex+6}
 66071 | Depths:3 | Received a gift from Trog
 66276 | Depths:4 | Noticed a juggernaut
 66311 | Depths:3 | Killed a juggernaut
 66756 | Depths:4 | Noticed a juggernaut
 66781 | Depths:4 | Killed a juggernaut
 66947 | Depths:4 | Noticed a juggernaut
 67134 | Depths:4 | Killed a juggernaut
 67408 | Depths:4 | Got a shimmering pewter ring
 67425 | Depths:4 | Identified the ring of Eloapiop {Ice +Blink Str-3 Stlth+}
                  | (You found it on level 4 of the Depths)
 67673 | Depths:5 | Entered Level 5 of the Depths
 68239 | Depths:5 | Noticed a juggernaut
 68501 | Depths:4 | Killed a juggernaut
 68811 | Depths:5 | Reached XP level 26. HP: 207/207 MP: 8/26
 69446 | Depths:5 | Received a gift from Trog
 70189 | Depths:5 | Found Tiywuyri's Weapon Boutique.
 70837 | Depths:5 | Found a bloodstained altar of Trog.
 71317 | Depths:5 | Found a gate to the Realm of Zot.
 71377 | Depths:5 | Found the +8 longbow "Zephyr" {speed, Dex+3 SInv}
 72810 | Shoals:3 | Got a pair of translucent boots
 72811 | Shoals:3 | Identified the +1 pair of boots "Gougi" {MP+9 Str+4} (You
                  | found it on level 3 of the Shoals)
 72929 | Shoals:3 | Received a gift from Trog
 73622 | Shoals:4 | Entered Level 4 of the Shoals
 73819 | Shoals:4 | Noticed Polyphemus
 73861 | Shoals:4 | Killed Polyphemus
 73987 | Shoals:4 | Got a barnacled rune of Zot
 74023 | Shoals:4 | Received a gift from Trog
 74253 | Shoals:4 | Found Ohirph's Antique Weapon Boutique.
 74276 | Shoals:4 | Reached XP level 27. HP: 212/219 MP: 11/26
 75181 | Slime:1  | Entered Level 1 of the Pits of Slime
 76340 | Slime:5  | Entered Level 5 of the Pits of Slime
 76682 | Slime:5  | Found a viscous altar of Jiyva.
 76682 | Slime:5  | Noticed the Royal Jelly
 76706 | Slime:5  | Killed the Royal Jelly
 77075 | Slime:5  | Got a slimy rune of Zot
 77540 | Elf:1    | Entered Level 1 of the Elven Halls
 77786 | Elf:1    | Identified the Papyrus of Transformation
 77868 | Elf:1    | Received a gift from Trog
 77921 | Elf:1    | Reached skill level 27 in Fighting
 77966 | Elf:1    | Identified the Reference Book on Malediction
 77998 | Elf:1    | Found Wenuacij's Food Emporium.
 78135 | Elf:1    | Identified the Guide on Poison
 78200 | Elf:1    | Noticed Frances
 78206 | Elf:1    | Killed Frances
 78255 | Elf:1    | Received a gift from Trog
 78413 | Elf:1    | Identified the Tome of the Voyage
 78653 | Elf:1    | Identified Evvo's Grimoire of Snow
 79117 | Elf:2    | Found a runed translucent gate.
 79117 | Elf:2    | Found a runed translucent gate.
 79121 | Elf:2    | Found a runed translucent gate.
 79498 | Elf:2    | Received a gift from Trog
 80069 | Elf:3    | Entered Level 3 of the Elven Halls
 80158 | Elf:3    | Noticed Asterion
 80175 | Elf:3    | Killed Asterion
 80790 | Elf:3    | Received a gift from Trog
 80888 | Elf:3    | Found Ogafor's Armour Emporium.
 80896 | Elf:3    | Bought a +2 pair of gloves of dexterity for 322 gold pieces
 81590 | Elf:3    | Identified the cursed +1 scale mail of Siuvvy {rF+}
 81590 | Elf:3    | Identified the amulet "Cesix" {Spirit +Fly rF- MR+ Dex+3}
 81597 | Elf:3    | Identified the ring "Dukehuo" {Str+4 Int+4 Stlth-}
 82134 | Elf:3    | Identified the cursed +3 war axe of Guilt {vamp, -Tele MR+
                  | Str+3 Dex+3}
 82134 | Elf:3    | Identified the amulet of Epnick {Faith rPois rN+}
 82139 | Elf:3    | Identified the +2 robe "Dichil" {*Drain rPois Int+3 Dex+5}
 82611 | Elf:3    | Found the +2 pair of boots of the Assassin {Detection Stab+
                  | Stlth++}
 82614 | Elf:3    | Got an encrusted plate armour
 82616 | Elf:3    | Identified the cursed +0 plate armour of Xaceorekh {rF-
                  | MP+9 Int+4} (You found it on level 3 of the Elven Halls)
 82627 | Elf:3    | Identified the Compendium of the Escort
 83204 | Crypt:1  | Entered Level 1 of the Crypt
 83204 | Crypt:1  | Noticed Saint Roka
 83464 | Vaults:2 | Killed Saint Roka
 83468 | Vaults:2 | Received a gift from Trog
 83944 | Crypt:1  | Noticed Boris
 83969 | Crypt:1  | Killed Boris
 83969 | Crypt:1  | Received a gift from Trog
 84339 | Crypt:2  | Received a gift from Trog
 84964 | Crypt:3  | Entered Level 3 of the Crypt
 85249 | Crypt:3  | Found the +0 pair of fencer's gloves {Riposte Dex+3}
 85757 | Crypt:3  | Got a transparent garnet amulet
 85757 | Crypt:3  | Got a flickering bone amulet
 85757 | Crypt:3  | Got a heavily runed iron ring
 85760 | Crypt:3  | Identified the amulet of the Curious Beds {rN+ Regen+ MP+9}
                  | (You found it on level 3 of the Crypt)
 85761 | Crypt:3  | Identified the amulet "Cees" {rElec Regen+} (You found it
                  | on level 3 of the Crypt)
 85762 | Crypt:3  | Identified the ring "Satupp" {rN+ Int+2 Dex+4} (You found
                  | it on level 3 of the Crypt)
 85906 | Crypt:3  | Received a gift from Trog
 85916 | Crypt:3  | Identified the Almanac of Darkness
 86239 | Crypt:3  | Found a staircase to the Tomb.
 86327 | Crypt:3  | Noticed an ancient lich
 86336 | Crypt:3  | Killed an ancient lich
 87178 | Zot:1    | Entered Level 1 of the Realm of Zot
 87585 | Zot:1    | Received a gift from Trog
 88194 | Zot:2    | Found a transporter.
 88196 | Zot:2    | Noticed Infinimo's ghost (veteran DsBe)
 88200 | Zot:2    | Found a transporter.
 88919 | Zot:2    | Got a smoking bone ring
 88920 | Zot:2    | Identified the ring of Vauh {rF- Int+5 Dex+5} (You found it
                  | on level 2 of the Realm of Zot)
 89072 | Zot:2    | Received a gift from Trog
 90496 | Zot:3    | Received a gift from Trog
 90985 | Zot:3    | Noticed an orb of fire
 90998 | Zot:3    | Killed an orb of fire
 92172 | Zot:4    | Received a gift from Trog
 92876 | Zot:5    | Entered Level 5 of the Realm of Zot
 93978 | Zot:5    | Noticed an ancient lich
 93981 | Zot:5    | Noticed an ancient lich
 94108 | Zot:5    | Killed an ancient lich
 94126 | Zot:5    | Killed an ancient lich
 94132 | Zot:5    | Noticed an ancient lich
 94146 | Zot:5    | Noticed a Killer Klown
 94148 | Zot:5    | Killed an ancient lich
 94411 | Zot:5    | Killed a Killer Klown
 94430 | Zot:5    | Noticed a Killer Klown
 94444 | Zot:5    | Killed a Killer Klown
 94577 | Zot:5    | Noticed a Killer Klown
 94600 | Zot:5    | Noticed a Killer Klown
 94605 | Zot:5    | Noticed a Killer Klown
 94620 | Zot:5    | Killed a Killer Klown
 94748 | Zot:5    | Killed a Killer Klown
 94761 | Zot:5    | Killed a Killer Klown
 94809 | Zot:5    | Noticed a Killer Klown
 94826 | Zot:5    | Killed a Killer Klown
 94827 | Zot:5    | Noticed a Killer Klown
 94842 | Zot:5    | Killed a Killer Klown
 95642 | Zot:5    | Noticed an orb of fire
 95657 | Zot:5    | Gained mutation: Your magical capacity is low. (-10% MP)
                  | [an orb of fire]
 95663 | Zot:5    | Killed an orb of fire
 95663 | Zot:5    | Reached skill level 27 in Armour
 95905 | Zot:5    | Noticed an orb of fire
 95914 | Zot:5    | Gained mutation: Armour fits poorly on your strangely
                  | shaped body. [an orb of fire]
 95915 | Zot:5    | Gained mutation: You are clumsy. (Dex -2) [an orb of fire]
 95926 | Zot:5    | Gained mutation: You are frail. (-10% HP) [an orb of fire]
 95931 | Zot:5    | Noticed a Killer Klown
 95942 | Zot:5    | Noticed an orb of fire
 96117 | Zot:4    | Lost mutation: You are clumsy. (Dex -2) [potion of
                  | mutation]
 96117 | Zot:4    | Lost mutation: Your magical capacity is low. (-10% MP)
                  | [potion of mutation]
 96117 | Zot:4    | Lost mutation: You are frail. (-10% HP) [potion of
                  | mutation]
 96118 | Zot:4    | Lost mutation: Armour fits poorly on your strangely shaped
                  | body. [potion of mutation]
 96118 | Zot:4    | Gained mutation: You are agile. (Dex +2) [potion of
                  | mutation]
 96190 | Zot:5    | Killed a Killer Klown
 97149 | Zot:5    | Killed an orb of fire
 97252 | Zot:5    | Gained mutation: Armour fits poorly on your strangely
                  | shaped body. [an orb of fire]
 97260 | Zot:5    | Lost mutation: You are agile. (Dex +2) [potion of mutation]
 97260 | Zot:5    | Lost mutation: Armour fits poorly on your strangely shaped
                  | body. [potion of mutation]
 97260 | Zot:5    | Gained mutation: You are agile. (Dex +2) [potion of
                  | mutation]
 97260 | Zot:5    | Gained mutation: Your muscles are strong. (Str +2) [potion
                  | of mutation]
 97260 | Zot:5    | Gained mutation: Your magical capacity is low. (-10% MP)
                  | [potion of mutation]
 97263 | Zot:5    | Gained mutation: Potions are less effective at restoring
                  | your health. [an orb of fire]
 97271 | Zot:5    | Killed an orb of fire
 97389 | Zot:5    | Lost mutation: Your muscles are strong. (Str +2) [potion of
                  | mutation]
 97389 | Zot:5    | Lost mutation: You are agile. (Dex +2) [potion of mutation]
 97391 | Zot:5    | Lost mutation: Your magical capacity is low. (-10% MP)
                  | [potion of mutation]
 97391 | Zot:5    | Gained mutation: Your natural rate of healing is unusually
                  | fast. [potion of mutation]
 97392 | Zot:5    | Lost mutation: Your natural rate of healing is unusually
                  | fast. [potion of mutation]
 97392 | Zot:5    | Lost mutation: Potions are less effective at restoring your
                  | health. [potion of mutation]
 99055 | Zot:5    | Got the Orb of Zot
 99991 | D:2      | Received a gift from Trog
100052 | D:$      | Escaped with the Orb!

Skill      XL: |  1  2  3  4  5  6  7  8  9 10 11 12 13 14 15 16 17 18 19 20 21 22 23 24 25 26 27 |
---------------+----------------------------------------------------------------------------------+-----
Maces & Flails | 3 4 5 6 8 10 12 13 15 16 17 | 17.0
Fighting       | 3 4 5 6 7 8 9 11 13 14 15 16 18 20 22 24 25 27 | 27.0
Armour         | 3 4 7 9 12 13 15 27 | 27.0
Dodging        | 3 4 5 6 10 13 17 24 | 24.5
Shields        | 1 2 4 6 7 9 10 12 15 16 18 21 | 21.0
Evocations     | 2 4 5 7 |  7.0

Action                   |  1- 3 |  4- 6 |  7- 9 | 10-12 | 13-15 | 16-18 | 19-21 | 22-24 | 25-27 || total
-------------------------+-------+-------+-------+-------+-------+-------+-------+-------+-------++-------
Melee: Mace              |    53 |   125 |   510 |   340 |       |       |       |       |       ||  1028
       Morningstar       |       |       |       |   254 |       |       |       |       |       ||   254
       Eveningstar       |       |       |       |   230 |  1091 |  1634 |  1652 |  1663 |  5338 || 11608
       Demon whip        |       |       |       |       |       |       |       |       |   124 ||   124
       Unarmed           |       |       |       |       |       |       |       |       |     7 ||     7
Throw: Stone             |     1 |     6 |       |       |       |       |       |       |       ||     7
       Throwing net      |       |       |       |       |       |       |       |     1 |     8 ||     9
Invok: Berserk           |     1 |     5 |    14 |    22 |    18 |    33 |    12 |    13 |    22 ||   140
       Trog's Hand       |       |       |     1 |     2 |     8 |     7 |    14 |     7 |    14 ||    53
       Brothers in Arms  |       |       |       |     1 |     6 |     6 |     4 |     4 |     5 ||    26
 Abil: Evoke Invisibilit |       |       |       |       |       |    11 |       |       |       ||    11
Evoke: Wand              |       |       |       |     1 |       |    10 |    32 |     1 |     6 ||    50
       Lamp of fire      |       |       |       |       |       |       |     1 |       |     1 ||     2
       Phial of floods   |       |       |       |       |       |       |     1 |       |       ||     1
  Use: Scroll            |     3 |    10 |     9 |     8 |    16 |    10 |    12 |    10 |    38 ||   116
       Potion            |       |       |     2 |       |     9 |    17 |     3 |     5 |    26 ||    62
 Stab: Distracted        |       |       |       |       |       |     1 |       |       |     3 ||     4
       Invisible         |       |       |       |       |       |    37 |     4 |       |    10 ||    51
       Held in net/web   |       |       |       |       |       |     4 |       |     2 |    11 ||    17
       Paralysed         |       |       |       |       |       |     2 |       |       |       ||     2
       Fleeing           |       |       |       |       |       |       |     1 |       |       ||     1
       Petrifying        |       |       |       |       |       |       |       |       |     1 ||     1
  Eat: Chunk             |       |    17 |    30 |    48 |    66 |    45 |    25 |    16 |    32 ||   279
       Ration            |       |       |       |       |       |    15 |     6 |    15 |    35 ||    71
Armor: Ring mail         |     9 |    34 |    53 |       |       |       |       |       |       ||    96
       Animal skin       |     1 |       |       |       |       |       |       |       |       ||     1
       Plate armour      |       |       |   104 |   306 |       |       |       |       |       ||   410
       Chain mail        |       |       |    11 |       |       |       |       |       |       ||    11
       Gold dragon scale |       |       |       |    39 |   607 |  1090 |   607 |   501 |  1602 ||  4446
Dodge: Dodged            |    41 |    69 |   177 |   230 |   342 |   683 |   517 |   604 |  2634 ||  5297
Block: Shield            |       |    21 |   209 |   459 |   652 |  1175 |   876 |   927 |  4216 ||  8535
       Rpst.: Eveningstar |       |       |       |       |       |       |       |       |   216 ||   216
